Map: Ever Dream LE

Players

antagomiR - Winner!

  • Race: Protoss Protoss
  • League: Gold
  • Spawn Location: 1:00

Theadar

  • Race: Protoss Protoss
  • League: Gold
  • Spawn Location: 7:00

VOD

Have the link to the VOD?

Description

Time

  • Played on: April 16, 2020, 4:50 p.m.
  • Length: 12:54
Show
View Real Time Build Order
Export as new Build Order

antagomiR Protoss - Winner!

Build Orders:  

Get SALT Encoding   

  12  0:01  Probe  
  13  0:13  Probe  
  14  0:19  Pylon  
  14  0:26  Probe  
  15  0:37  Gateway  
  15  0:41  Probe  
  16  0:52  Assimilator  
  16  0:53  Probe (Chrono Boost)  
  18  1:05  Probe (Chrono Boost)  
  18  1:06  Assimilator  
  18  1:11  Probe (Chrono Boost)  
  19  1:20  Probe  
  20  1:27  Cybernetics Core  
  20  1:32  Probe  
  21  1:49  Nexus  
  21  1:59  Probe  
  21  2:00  Warp Gate (Chrono Boost)  
  22  2:09  Pylon  
  22  2:20  Probe  
  23  2:27  Stalker  
  25  2:32  Probe  
  26  2:41  Gateway  
  26  2:44  Probe  
  26  2:49  Pylon  
  27  2:56  Probe  
  28  3:01  Gateway  
  28  3:04  Probe  
  29  3:11  Stalker (Chrono Boost)  
  31  3:19  Probe x2  
  33  3:30  Twilight Council  
  33  3:35  Probe x2  
  35  3:42  Sentry, Stalker  
  39  3:51  Probe x2  
  41  3:56  Stalker  
  43  4:03  Probe  
  43  4:05  Probe  
  45  4:10  Blink (Chrono Boost)  
  45  4:15  Probe  
  46  4:17  Probe  
  46  4:18  Pylon  
  47  4:26  Robotics Facility  
  47  4:32  Stalker x2  
  47  4:36  Probe x2  
  53  4:48  Probe x2  
  53  4:50  Pylon  
  55  4:54  Assimilator  
  55  5:00  Probe x2, Forge  
  57  5:07  Stalker x2  
  57  5:12  Probe  
  57  5:13  Probe, Assimilator  
  63  5:17  Observer  
  64  5:24  Probe  
  64  5:25  Probe  
  66  5:28  Protoss Ground Weapons Level 1 (Chrono Boost)  
  66  5:32  Pylon  
  66  5:36  Probe  
  66  5:37  Probe  
  66  5:38  Observer  
  66  5:39  Pylon  
  69  5:43  Pylon  
  69  5:49  Probe  
  70  5:59  Probe, Immortal  
  70  6:01  Probe  
  70  6:02  Stalker x3  
  82  6:11  Probe  
  82  6:13  Probe  
  84  6:22  Pylon  
  84  6:23  Pylon  
  84  6:25  Photon Cannon  
  84  6:30  Photon Cannon  
  82  6:36  Photon Cannon  
  82  6:37  Nexus  
  82  6:41  Pylon  
  82  6:43  Observer  
  82  6:44  Pylon  
  83  6:49  Stalker x2  
  83  6:50  Stalker  
  89  6:59  Probe x2, Gateway  
  91  7:12  Protoss Ground Weapons Level 2 (Chrono Boost)  
  91  7:13  Shield Battery  
  91  7:15  Shield Battery  
  91  7:17  Photon Cannon  
  91  7:21  Photon Cannon  
  91  7:25  Stalker x3  
  97  7:37  Gateway  
  97  7:42  Immortal  
  101  7:56  Stalker x3  
  101  7:57  Stalker  
  109  8:05  Assimilator  
  109  8:09  Assimilator  
  109  8:16  Photon Cannon  
  109  8:23  Pylon  
  109  8:39  Sentry  
  109  8:40  Sentry  
  109  8:41  Charge (Chrono Boost), Stalker  
  113  8:42  Stalker  
  117  8:56  Gateway  
  117  8:57  Gateway  
  117  8:59  Robotics Facility  
  117  9:01  Gateway  
  117  9:03  Gateway  
  117  9:09  Stalker x2  
  121  9:10  Stalker x2  
  121  9:16  Probe x2  
  127  9:18  Pylon  
  127  9:20  Probe  
  127  9:21  Pylon  
  128  9:26  Pylon  
  128  9:28  Probe  
  129  9:32  Photon Cannon  
  129  9:33  Stalker x4  
  137  9:56  Zealot  
  137  9:57  Zealot x4  
  137  9:58  Zealot x3  
  153  10:13  Stalker  
  155  10:15  Immortal x2  
  163  10:26  Probe  
  163  10:27  Probe x2  
  150  10:43  Stalker  
  150  10:44  Stalker x5  
  162  10:53  Warp Prism  
  164  11:12  Probe x3  
  164  11:15  Stalker x3  
  173  11:23  Pylon  
  173  11:24  Pylon  
  173  11:26  Pylon  
  173  11:30  Pylon  
  173  11:41  Probe x3, Immortal  
  180  11:53  Probe  
  181  11:56  Stalker x5  
  181  11:57  Zealot x3  
  185  12:25  Stargate  
  139  12:30  Stalker  
  139  12:31  Stalker x4  
  139  12:32  Stalker x3  
Show
View Real Time Build Order
Export as new Build Order

Theadar Protoss 

Build Orders: Double Forge, Oracle Opening 

Get SALT Encoding   

  12  0:01  Probe (Chrono Boost)  
  13  0:10  Probe (Chrono Boost)  
  14  0:18  Pylon  
  14  0:22  Probe  
  15  0:30  Pylon  
  15  0:36  Probe  
  16  0:46  Gateway  
  16  0:48  Probe  
  17  0:55  Assimilator  
  17  1:08  Forge  
  17  1:11  Forge  
  17  1:19  Probe  
  18  1:37  Cybernetics Core  
  18  1:41  Probe  
  18  1:46  Photon Cannon  
  19  1:57  Photon Cannon  
  19  2:01  Probe  
  20  2:14  Warp Gate  
  20  2:19  Nexus  
  20  2:21  Probe  
  21  2:33  Assimilator  
  21  2:34  Probe  
  22  2:41  Stargate  
  22  2:49  Pylon  
  22  2:53  Probe  
  23  3:03  Zealot  
  25  3:10  Pylon  
  25  3:12  Probe  
  26  3:22  Oracle (Chrono Boost)  
  29  3:32  Probe x2  
  31  3:43  Gateway  
  31  3:44  Gateway  
  31  3:57  Robotics Facility  
  31  4:01  Probe x2  
  33  4:08  Stalker  
  35  4:43  Stalker x3  
  41  4:50  Observer  
  42  4:57  Probe x2  
  42  4:59  Twilight Council  
  44  5:09  Probe  
  44  5:10  Probe, Stalker x3  
  52  5:25  Warp Prism  
  54  5:49  Stalker x3  
  60  5:56  Charge  
  60  6:14  Zealot  
  62  6:22  Pylon  
  62  6:24  Pylon  
  62  6:26  Pylon  
  62  6:29  Pylon  
  62  6:32  Pylon  
  62  6:41  Probe x2  
  64  6:47  Assimilator  
  64  6:50  Assimilator  
  64  6:51  Sentry  
  64  6:52  Stalker x2  
  70  6:55  Nexus  
  70  6:56  Protoss Ground Weapons Level 1  
  70  7:04  Gateway  
  70  7:12  Probe x2  
  72  7:23  Zealot  
  72  7:24  Zealot x2  
  74  8:02  Stalker  
  74  8:03  Stalker  
  74  8:04  Stalker x2  
  82  8:07  Void Ray  
  86  8:14  Fleet Beacon  
  86  8:18  Robotics Bay  
  86  8:23  Forge  
  86  8:27  Probe x2  
  86  8:28  Probe  
  86  8:31  Observer  
  90  8:38  Zealot  
  90  8:39  Zealot x3  
  98  8:50  Void Ray  
  102  9:07  Disruptor  
  105  9:14  Probe  
  105  9:15  Probe  
  107  9:17  Probe  
  107  9:18  Pylon  
  107  9:20  Pylon  
  107  9:24  Stargate  
  108  9:28  Observer  
  108  9:34  Carrier (Chrono Boost)  
  114  9:43  Disruptor  
  116  10:07  Carrier (Chrono Boost)  
  122  10:19  Observer  
  123  10:29  Probe x3  
  126  10:53  Photon Cannon  
  126  10:55  Photon Cannon  
  126  10:57  Photon Cannon  
  126  10:58  Photon Cannon  
  126  10:59  Photon Cannon, Carrier (Chrono Boost)  
  132  11:20  Pylon  
  132  11:21  Pylon  
  132  11:23  Pylon  
  132  11:24  Pylon  
  132  11:26  Pylon  
  132  11:28  Carrier (Chrono Boost)  
  132  11:37  Colossus  
  142  12:01  Zealot x3  
  142  12:02  Zealot  
Tags
 
Add a new tag
Caveats
  • Supply blocks, unpowered buildings, or Contaminate may cause inaccurate times.
  • Supply counts are checked every 10 seconds.